Map: [ESL] Data-C

Players

Botvinnik

  • Race: Terran Terran
  • Spawn Location: 3:00

Gerald - Winner!

  • Race: Protoss Protoss
  • Spawn Location: 9:00

Event: DreamHack SC2 Masters 2022 Valencia

VOD

Have the link to the VOD?

Description

Time

  • Played on: July 1, 2022, 9:44 a.m.
  • Length: 10:32

All games in this series

Show
View Real Time Build Order
Export as new Build Order

Botvinnik Terran 

Build Orders: Reaper Expand 

Get SALT Encoding   

  12  0:00  SCV  
  13  0:12  SCV  
  14  0:17  Supply Depot  
  14  0:24  SCV  
  15  0:38  SCV  
  15  0:40  Barracks  
  16  0:44  Refinery  
  16  0:51  SCV  
  17  1:03  SCV  
  18  1:15  SCV  
  19  1:28  Orbital Command, Reaper  
  20  1:45  Command Center  
  20  1:51  Supply Depot  
  20  1:54  SCV  
  21  2:00  Marine  
  22  2:05  Bunker  
  22  2:07  SCV  
  23  2:25  SCV, Barracks Reactor  
  23  2:27  Refinery  
  24  2:30  Factory  
  24  2:37  SCV  
  25  2:49  SCV  
  25  2:59  Orbital Command  
  25  3:01  SCV, Marine x2  
  28  3:13  SCV  
  28  3:14  Hellion, Starport  
  28  3:19  Marine x2  
  33  3:25  SCV  
  34  3:29  SCV  
  34  3:31  Supply Depot  
  35  3:35  Hellion  
  35  3:37  SCV, Marine x2  
  35  3:41  SCV  
  40  3:49  SCV  
  40  3:52  Medivac  
  40  3:53  SCV  
  44  3:57  Marine x2  
  44  3:59  Hellion  
  44  4:00  Supply Depot  
  44  4:01  SCV  
  49  4:05  SCV  
  48  4:14  SCV, Marine x2  
  49  4:17  SCV  
  49  4:24  Starport Tech Lab  
  50  4:26  SCV  
  50  4:27  Factory Tech Lab  
  50  4:29  SCV  
  52  4:38  SCV  
  53  4:41  SCV  
  53  4:42  Barracks x2  
  54  4:50  SCV  
  53  4:53  SCV  
  53  4:58  Siege Tank  
  56  5:02  SCV  
  56  5:06  SCV, Marine x2  
  56  5:14  SCV  
  56  5:17  Refinery  
  56  5:18  SCV, Starport Reactor  
  56  5:19  Engineering Bay  
  54  5:25  Marine x2  
  54  5:26  SCV  
  57  5:30  Siege Tank  
  57  5:31  Supply Depot  
  57  5:32  Supply Depot  
  57  5:33  Barracks Tech Lab  
  60  5:38  SCV x2  
  60  5:40  Barracks  
  60  5:41  Barracks  
  62  5:50  Terran Infantry Weapons Level 1  
  62  5:52  Marine x2  
  62  5:54  Refinery  
  62  5:55  SCV x2  
  62  5:56  Marine  
  67  5:57  Marine  
  68  6:07  SCV  
  68  6:08  SCV, Combat Shield  
  68  6:15  Siege Tank  
  68  6:16  Marine  
  68  6:17  Marine  
  68  6:18  Marine x2  
  73  6:19  Medivac  
  73  6:24  Medivac, Supply Depot  
  73  6:25  Supply Depot  
  79  6:28  Marine x2  
  81  6:34  Marine x2  
  81  6:36  Marine x2  
  85  6:42  Supply Depot  
  85  6:46  Marine x2  
  87  6:47  Supply Depot  
  87  6:52  Siege Tank, Marine x2  
  92  6:54  Marine x2  
  92  7:03  Marine  
  92  7:04  Marine  
  94  7:10  Marine x2  
  94  7:12  Marine  
  94  7:13  Marine  
  98  7:15  Medivac x2  
  98  7:21  Supply Depot, Marine x2  
  104  7:23  Supply Depot  
  104  7:26  Stimpack  
  104  7:28  Marine x2  
  104  7:29  Siege Tank, Marine  
  109  7:30  Marine  
  111  7:39  Marine x2  
  113  7:46  Marine x2  
  113  7:47  Medivac x2  
  119  7:58  Marine x2  
  121  7:59  Marine, Marauder  
  124  8:06  Siege Tank  
  124  8:07  Marine x2  
  127  8:15  Marine  
  127  8:16  Marine x2  
  129  8:20  Marine  
  129  8:24  Marine  
  129  8:25  Medivac x2  
  134  8:51  Marine  
  134  8:52  Marine  
  134  8:53  Marine x2  
  134  8:54  Marine  
  134  8:55  Marine  
  134  8:56  Siege Tank  
  110  9:09  Marine  
  84  9:10  Marine x2  
  84  9:11  Marine  
  84  9:12  Marine  
  84  9:13  Marine  
  83  9:19  Medivac x2  
  78  9:28  Marine x2, Marauder  
  78  9:29  Siege Tank, Marine x2  
  78  9:31  Marine  
  67  9:45  Marine  
  67  9:46  Marine  
  67  9:47  Marine x2  
  67  9:48  Marine  
  67  9:49  Marauder  
  74  10:03  Marine  
  74  10:04  Marine  
  74  10:05  Marine x2  
  74  10:06  Marine  
  77  10:10  Marauder  
Show
View Real Time Build Order
Export as new Build Order

Gerald Protoss - Winner!

Build Orders: 1 Gate Expand, Oracle Opening 

Get SALT Encoding   

  12  0:00  Probe  
  13  0:12  Probe  
  14  0:17  Pylon  
  14  0:24  Probe (Chrono Boost)  
  16  0:37  Probe (Chrono Boost), Gateway  
  16  0:43  Probe (Chrono Boost)  
  16  0:47  Assimilator  
  17  0:53  Probe  
  18  1:05  Probe  
  19  1:17  Probe  
  20  1:23  Nexus  
  20  1:29  Probe  
  21  1:37  Cybernetics Core  
  21  1:41  Probe  
  21  1:45  Assimilator  
  22  1:53  Probe  
  23  1:55  Pylon  
  23  2:11  Stalker (Chrono Boost)  
  23  2:13  Probe  
  26  2:26  Probe  
  27  2:31  Stargate  
  26  2:37  Probe, Adept (Chrono Boost)  
  26  2:38  Probe  
  30  2:44  Warp Gate  
  30  2:49  Probe  
  30  2:50  Probe  
  32  3:01  Probe  
  32  3:02  Probe  
  34  3:12  Oracle (Chrono Boost), Gateway  
  34  3:13  Probe  
  34  3:14  Probe  
  39  3:25  Probe  
  39  3:26  Probe  
  41  3:33  Pylon  
  41  3:36  Assimilator  
  41  3:38  Probe x2  
  41  3:50  Twilight Council, Probe x2  
  43  4:00  Nexus  
  43  4:02  Probe  
  44  4:07  Phoenix  
  46  4:11  Probe  
  47  4:18  Pylon  
  47  4:19  Probe  
  47  4:23  Probe, Blink (Chrono Boost)  
  49  4:31  Probe  
  50  4:35  Gateway  
  50  4:37  Stalker x2  
  54  4:39  Gateway  
  54  4:52  Probe  
  53  4:55  Probe  
  54  5:01  Stalker x2  
  54  5:04  Probe  
  55  5:17  Probe (Chrono Boost)  
  55  5:23  Probe (Chrono Boost)  
  55  5:26  Stalker  
  55  5:27  Stalker, Probe x2 (Chrono Boost)  
  61  5:31  Probe (Chrono Boost)  
  61  5:32  Probe (Chrono Boost)  
  61  5:35  Probe (Chrono Boost)  
  64  5:36  Forge, Gateway  
  64  5:37  Gateway  
  64  5:41  Probe (Chrono Boost)  
  65  5:44  Probe (Chrono Boost)  
  65  5:47  Probe (Chrono Boost)  
  65  5:49  Stalker x2  
  71  5:54  Probe x2 (Chrono Boost)  
  71  5:56  Probe (Chrono Boost)  
  74  5:58  Probe (Chrono Boost)  
  74  6:00  Probe  
  74  6:02  Protoss Ground Armor Level 1 (Chrono Boost)  
  76  6:08  Charge (Chrono Boost), Probe  
  77  6:11  Pylon  
  77  6:12  Pylon  
  77  6:13  Pylon  
  77  6:16  Templar Archives  
  77  6:26  Pylon  
  77  6:29  Probe x3  
  77  6:31  Stalker x4  
  88  6:40  Gateway  
  88  6:41  Probe, Gateway  
  88  6:45  Gateway x2  
  89  6:59  Psionic Storm  
  89  7:06  High Templar x2  
  89  7:07  Zealot x3  
  89  7:08  Zealot  
  101  7:10  Probe, Assimilator  
  101  7:13  Pylon  
  102  7:21  Nexus  
  102  7:23  Pylon  
  102  7:24  Probe  
  102  7:29  Shield Battery  
  103  7:32  Zealot  
  103  7:33  Zealot x3  
  103  7:35  Pylon  
  111  7:43  Probe x2  
  111  7:44  Probe  
  114  7:48  Protoss Ground Weapons Level 1 (Chrono Boost)  
  114  7:54  High Templar  
  114  7:55  Probe x2  
  114  7:56  Probe  
  117  7:59  Zealot x8  
  117  8:03  Pylon  
  117  8:04  Pylon  
  130  8:11  Zealot  
  130  8:12  Probe  
  129  8:21  Probe  
  129  8:23  Zealot x7  
  144  8:32  Probe  
  145  8:37  Shield Battery  
  145  8:38  Pylon  
  145  8:39  High Templar x3  
  151  8:42  Shield Battery  
  151  8:44  Archon, Zealot x4  
  151  8:45  Zealot  
  103  9:12  Zealot x9  
  103  9:13  Zealot  
  105  9:18  Probe  
  88  9:32  Zealot x6  
  88  9:35  Zealot x3  
  88  9:36  Zealot  
  88  9:37  Probe  
  107  9:40  Probe  
  107  9:43  Shield Battery  
  108  9:46  Assimilator  
  108  9:50  High Templar x2, Assimilator  
  112  9:53  High Templar  
  112  9:54  High Templar, Zealot x2  
  112  9:57  Archon  
  112  9:59  Archon  
  120  10:00  Zealot x4  
  124  10:15  Probe  
  124  10:17  Zealot x2  
  117  10:23  High Templar x3, Zealot x3  

Tags
 
Add a new tag
Caveats
  • Supply blocks, unpowered buildings, or Contaminate may cause inaccurate times.
  • Supply counts are checked every 10 seconds.